 Dungeon Crawl Stone Soup version 0.32-a0-120-gfac0567ad4 (webtiles) character file.

Game seed: 16678314752165008132

3224 Daunt the Cleaver (level 9, -12/84 HPs)
             Began as a Minotaur Chaos Knight on Feb 6, 2024.
             Was a Plaything of Xom.
             Killed by divine providence
             ... invoked by an orc priest
              (15 damage)
             ... on level 7 of the Dungeon.
             The game lasted 00:16:01 (4868 turns).

Daunt the Cleaver (Minotaur Chaos Knight)           Turns: 4868, Time: 00:16:02

Health: -12/84     AC:  6    Str: 21    XL:     9   Next: 66%
Magic:  8/8        EV: 11    Int:  9    God:    Xom [.*....]
Gold:   310        SH:  0    Dex: 10    Spells: 8/8 levels left

rFire   . . .        a - +0 hand axe (chaos)
rCold   . . .        (no shield)
rNeg    . . .        b - +2 leather armour
rPois   +            (helmet restricted)
rElec   +            k - +0 cloak
rCorr   .            B - +2 pair of gloves
SInv    +            J - +0 pair of boots
Will    .....        (no amulet)
Stlth   +            u - ring of the Country {rElec rPois SInv}
HPRegen 0.34/turn    (no ring)
MPRegen 0.11/turn

%: no passive effects
@: corroded
A: horns 2, retaliatory headbutt
a: Renounce Religion


You were on level 7 of the Dungeon.
You worshipped Xom.
You were a plaything of Xom.
You visited 1 branch of the dungeon, and saw 7 of its levels.
You also visited: Sewer.

You collected 310 gold pieces.

Inventory:

Hand Weapons
 a - a +0 hand axe of chaos (weapon)
 w - a +0 sling
 y - a +0 war axe
Missiles
 h - 52 stones (quivered)
 A - 2 curare-tipped darts
 K - a throwing net
Armour
 b - a +2 leather armour (worn)
 k - a +0 cloak (worn)
 B - a +2 pair of gloves (worn)
 J - a +0 pair of boots (worn)
Jewellery
 d - a ring of ice
 u - the ring of the Country (left hand) {rElec rPois SInv}
   (You found it on level 3 of the Dungeon)

   [ring of poison resistance]

   rElec:     It insulates you from electricity.
   rPois:     It protects you from poison SInv: It lets you see invisible.
Wands
 v - a wand of polymorph (23)
 F - a wand of paralysis (5)
Scrolls
 c - a scroll of butterflies
 f - 4 scrolls of teleportation
 g - 2 scrolls of blinking {unknown}
 i - a scroll of immolation {unknown}
 l - 4 scrolls of identify {unknown}
 m - 4 scrolls of poison {unknown}
 n - 2 scrolls of amnesia {unknown}
 o - 2 scrolls of enchant armour {unknown}
 p - 2 scrolls of noise {unknown}
 s - 2 scrolls of enchant weapon {unknown}
 x - 2 scrolls of fog {unknown}
 z - a scroll of revelation {unknown}
 E - 2 scrolls of fear {unknown}
 G - a scroll of brand weapon {unknown}
Potions
 e - 2 potions of curing {unknown}
 j - a potion of degeneration {unknown}
 q - a potion of cancellation {unknown}
 r - a potion of brilliance {unknown}
 t - 2 potions of haste {unknown}
 C - a potion of lignification {unknown}
 D - 2 potions of berserk rage {unknown}
 H - 2 potions of heal wounds {unknown}
 I - a potion of mutation {unknown}


   Skills:
 + Level 9.6 Fighting
 - Level 14.0 Axes
 - Level 2.4 Armour
 - Level 1.1 Dodging


You had 8 spell levels left.
You didn't know any spells.
Your spell library contained the following spells:

 Spells                   Type           Power      Damage    Failure   Level
 Fugue of the Fallen      Necr           0%         N/A       80%         3
 Gell's Gravitas          Tloc           0%         N/A       80%         3
 Ozocubu's Armour         Ice            0%         N/A       80%         3
 Teleport Other           Tloc           0%         N/A       80%         3
 Manifold Assault         Tloc           0%         N/A       99%         4
 Dispersal                Tloc           0%         N/A       100%        6


Dungeon Overview and Level Annotations

Branches:
Dungeon (7/15) Zot: 26142  Temple (0/1) D:5           Sewer (visited)

Altars:
Dithmenos
Fedhas
Hepliaklqana
Nemelex Xobeh
Qazlal
Sif Muna
Uskayaw
Wu Jian
Xom
Zin
The Shining One

Shops:
D:2 [   D:4 [

Portals:
Abyss: D:6

Annotations:
D:6 2 transporters, Gryn's ghost, novice DgHu


Innate Abilities, Weirdness & Mutations

You have a pair of horns on your head.
You reflexively headbutt those who attack you in melee.


Message History

The troll resists with some effort.
The troll bites you!
* * * LOW HITPOINT WARNING * * *
The troll claws you.
* * * LOW HITPOINT WARNING * * *
The troll claws you!
You die... "Hey, that's my toy!"
Xom revives you!
Aiming: Paralyse
Press: ? - help, Shift-Dir - straight line, f/p - troll
Aim: a troll (lightly wounded, chance to affect: 49%)
The troll suddenly stops moving!
Unknown command.
The helpless troll fails to defend itself.
You hit the troll.
The troll is poisoned.
You headbutt the troll!
The troll is lightly wounded.
The helpless troll fails to defend itself.
You slash the troll! You headbutt the troll!
The troll is almost dead.
The helpless troll fails to defend itself.
You hit the troll. You freeze the troll.
The troll is almost dead.
The helpless troll fails to defend itself.
You hit the troll.
You kill the troll!
The troll leather armour is intact enough to wear.
You hit the orc priest.
The orc priest appears confused.
You headbutt the orc priest, but do no damage.
The orc priest is lightly wounded.
The orc priest barely misses you.
You barely miss the orc priest.
The orc priest is lightly wounded.
You hit the orc priest.
The orc priest is moderately wounded.
The orc priest seems less confused.
A sky beast comes into view.
The orc priest mumbles some strange prayers to Beogh against you.
Beogh smites you!
You die...
Xom guffaws!

# .. .#.#### .......
#....############
#.#...o@........#
.#....Y###.......# #####
......#.###.......####....
#.##..............##...###
. #D###.............### ..
#.#........#### .#
#..........# .#
.....##.......#
...#..##.......#


You could see a sky beast (wandering) and an orc priest (agile).

Vanquished Creatures
  A rime drake (D:4)
  A troll (D:7)
  A wyvern (D:6)
  Eustachio (D:5)
  A water moccasin (D:5)
  An acid dragon (D:7)
  A black bear (D:6)
  2 ice beasts (D:7)
  A sky beast (D:6)
  3 ogres
  A phantom (D:6)
  4 bullfrogs
  2 scorpions
  A crimson imp (D:4)
  2 gnoll boudas
  An orc priest (D:4)
  A sleepcap (D:3)
  3 hounds
  A jelly (D:6)
  Natasha (thrice) (D:3)
  An iguana (D:6)
  2 orc wizards (D:5)
  12 gnolls
  4 river rats
  17 adders
  3 shadow imps (D:6)
  6 white imps
  4 ufetubi
  A dart slug (D:2)
  5 ribbon worms
  19 orcs
  14 ball pythons
  6 endoplasms
  2 giant cockroaches
  7 hobgoblins
  4 jackals (D:1)
  6 quokkas
  4 bats
  4 frilled lizards
  7 goblins
  6 kobolds
  20 rats
186 creatures vanquished.

Vanquished Creatures (collateral kills)
  Grinder (D:5)
  An orc priest (D:5)
  A gnoll (D:4)
  An orc (D:5)
4 creatures vanquished.

Grand Total: 190 creatures vanquished

Notes
Turn   | Place    | Note
-------+----------+-------------------------------------------
     0 | D:1      | Daunt the Minotaur Chaos Knight began the quest for the
                  | Orb.
     0 | D:1      | Reached XP level 1. HP: 19/19 MP: 0/0
    30 | D:1      | Reached skill level 4 in Axes
    54 | D:1      | Reached XP level 2. HP: 20/26 MP: 1/1
   111 | D:2      | Reached skill level 5 in Axes
   175 | D:1      | Reached XP level 3. HP: 31/31 MP: 2/2
   347 | D:1      | Found a faded altar of an unknown god.
   523 | D:2      | XOM: silly message
   639 | D:2      | XOM: silly message
   718 | D:3      | XOM: smoke on damage
   719 | D:3      | Reached skill level 6 in Axes
   719 | D:3      | Reached XP level 4. HP: 33/39 MP: 3/3
   752 | D:3      | Found a glowing drain.
   758 | Sewer    | Entered a sewer
   979 | Sewer    | Reached XP level 5. HP: 44/45 MP: 4/4
   994 | Sewer    | XOM: silly message
   995 | Sewer    | XOM: divination: magic mapping
   998 | Sewer    | Reached skill level 7 in Axes
  1000 | Sewer    | Reached skill level 8 in Axes
  1000 | Sewer    | Reached XP level 6. HP: 40/51 MP: 5/5
  1080 | D:3      | Identified the ring of the Country {rElec rPois SInv}
  1295 | D:2      | Found Bifousau's Antique Armour Emporium.
  1726 | D:3      | Noticed Natasha
  1730 | D:3      | a cerulean imp changed into a hellwing
  1730 | D:3      | Noticed a hellwing
  1730 | D:3      | XOM: polymorph cerulean imp -> hellwing
  1732 | D:3      | Killed Natasha
  1936 | D:3      | Noticed Natasha
  1941 | D:3      | Killed Natasha
  1942 | D:3      | Reached skill level 9 in Axes
  1954 | D:3      | XOM: noise
  2033 | D:3      | Noticed Natasha
  2039 | D:3      | Killed Natasha
  2128 | D:4      | Found Reniga's Antique Armour Shoppe.
  2286 | D:3      | Found a glowing golden altar of the Shining One.
  2364 | D:4      | XOM: smoke on damage
  2514 | D:4      | Reached XP level 7. HP: 50/59 MP: 6/6
  2597 | D:5      | Entered Level 5 of the Dungeon
  2627 | D:4      | Found a stormy altar of Qazlal.
  2649 | D:4      | XOM: noise
  2753 | D:5      | XOM: potion effect (attraction)
  2794 | D:4      | XOM: summons 4 hostile demons
  2795 | D:4      | Noticed a neqoxec
  2795 | D:4      | Noticed a chaos spawn
  2795 | D:4      | Noticed a rust devil
  2802 | D:4      | Found a glowing silver altar of Zin.
  2813 | D:4      | Reached skill level 10 in Axes
  2973 | D:4      | a gnoll bouda changed into a rime drake
  2973 | D:4      | Noticed a rime drake
  2983 | D:4      | Killed a rime drake
  2984 | D:4      | Reached skill level 5 in Fighting
  3007 | D:4      | Noticed a +0 dagger
  3008 | D:4      | Found a hide-covered altar of Uskayaw.
  3008 | D:4      | Noticed a +0 dagger
  3020 | D:4      | XOM: 3-stop teleportation journey
  3110 | D:4      | Found a shimmering blue altar of Sif Muna.
  3110 | D:4      | Found an ornate altar of the Wu Jian Council.
  3188 | D:4      | XOM: scenery: create altars
  3253 | D:5      | Reached XP level 8. HP: 70/70 MP: 7/7
  3258 | D:5      | Noticed Grinder
  3333 | D:4      | Reached skill level 11 in Axes
  3441 | D:5      | XOM: enchant monster (good)
  3450 | D:5      | XOM: scenery: 1 doors open
  3490 | D:5      | Found a shimmering altar of Xom.
  3522 | D:5      | Found a hazy altar of Hepliaklqana.
  3532 | D:5      | XOM: potion effect (might)
  3534 | D:5      | XOM: summons 8 friendly demons
  3537 | D:5      | Paralysed by Grinder for 3 turns
  3540 | D:5      | Killed Grinder
  3541 | D:5      | Reached skill level 12 in Axes
  3546 | D:5      | Noticed Eustachio
  3565 | D:5      | Killed Eustachio
  3604 | D:5      | Found a sparkling altar of Nemelex Xobeh.
  3733 | D:5      | Found a staircase to the Ecumenical Temple.
  3962 | D:6      | Found a blossoming altar of Fedhas.
  3972 | D:7      | XOM: enchant monster (good)
  3989 | D:7      | Reached XP level 9. HP: 80/80 MP: 8/8
  4010 | D:7      | Reached skill level 13 in Axes
  4112 | D:6      | XOM: noise
  4159 | D:6      | Noticed Gryn's ghost (novice DgHu)
  4265 | D:6      | XOM: noise
  4493 | D:6      | Found a transporter.
  4561 | D:6      | Noticed a toenail golem
  4570 | D:6      | Noticed a green ugly thing
  4592 | D:6      | Found a transporter.
  4641 | D:6      | Found a shadowy altar of Dithmenos.
  4715 | D:6      | Found a one-way gate to the infinite horrors of the Abyss.
  4836 | D:7      | XOM: noise
  4849 | D:7      | Noticed a troll
  4856 | D:7      | XOM: enchant monster (bad)
  4859 | D:7      | Reached skill level 14 in Axes
  4860 | D:7      | Xom revived you
  4865 | D:7      | Killed a troll
  4868 | D:7      | Killed from afar by an orc priest

Illustrated notes

Levels and vault maps discovered:
D:1:      minmay_arrival_checkered_box, layout_rooms,
          shapermc_ecumenical_altar_mp_ritualfount
D:2:      minmay_alternating_diamond, layout_loops_ring, serial_shops, shop,
          wad_floor_pattern_untrapped, chequers_serial_rivers_micro_c,
          kennysheep_generic_room_6
D:3:      minmay_diamond_boxcup, layout_loops_ring,
          mainiacjoe_overflow_alcove_4, gup_sewer_entry_bubbles, uniq_natasha
D:4:      layout_rooms, dancing_weapons_uskayaw, overflow_temple_1_default,
          mainiacjoe_overflow_brackets, gammafunk_temple_overflow_elements,
          serial_forest, infiniplex_forest_lined_4_way, infiniplex_forest_end_2,
          infiniplex_forest_end_2, infiniplex_forest_pool,
          infiniplex_forest_clump_curved, infiniplex_forest_straight_2,
          serial_shops, nicolae_shop_statue_plus, minmay_fire_ice_demons
D:5:      layout_basic, nzn_hepliaklqana_mist_gate, brannock_xom_greatest_gift,
          nemelex_dance_club_becter, minmay_temple_entry_ruins,
          due_unseen_surprise, uniq_grinder, uniq_eustachio
D:6:      layout_basic, grunt_dithmenos_shadows, mainiacjoe_overflow_alcove_2,
          gammafunk_ghost_abyssal_escape
D:7:      lemuel_castle_with_subvaults [lemuel_castle_interior_carwin_1],
          layout_rooms, grunt_temple_overflow_open, serial_demonic,
          serial_demonic_b, serial_demonic_e, serial_demonic_a,
          serial_demonic_f, minmay_fractal_squares_5, uniq_prince_ribbit1,
          uniq_crazy_yiuf_cottage, uniq_maggie

Skill      XL: |  1  2  3  4  5  6  7  8  9 |
---------------+----------------------------+-----
Axes           | 4 5 6 8 9 10 12 14 | 14.0
Fighting       | 4 5 7 9 |  9.6
Armour         | |  2.4
Dodging        | |  1.1

Action                     |  1- 3 |  4- 6 |  7- 9 || total
---------------------------+-------+-------+-------++-------
  Melee: Hand axe          |    77 |   178 |   259 ||   514
         Headbutt          |     9 |    26 |    43 ||    78
         Punch             |     2 |     6 |    18 ||    26
  Throw: Stone             |       |       |     4 ||     4
  Evoke: Wand              |       |       |     3 ||     3
    Use: Scroll            |       |       |     1 ||     1
   Stab: Petrified         |       |       |     7 ||     7
         Confused          |       |       |     1 ||     1
         Paralysed         |       |       |     4 ||     4
 Armour: Leather armour    |    46 |    89 |   128 ||   263
  Dodge: Dodged            |    45 |    98 |   108 ||   251

Table legend: (Time is in decaauts)
 A = Elapsed time spent in this place.
 B = Non-inter-level travel time spent in this place.
 C = Inter-level travel time spent in this place.
 D = Time resting spent in this place.
 E = Time spent auto-exploring this place.
 F = Levels seen in this place.
 G = Mean time per level.
                   A        B        C        D        E       F      G
               +--------+--------+--------+--------+--------+-----+--------+
         Total |   4858 |   4623 |    235 |    229 |   2881 |   8 |  607.2 |
       Dungeon |   4555 |   4320 |    235 |    229 |   2737 |   7 |  650.7 |
         Sewer |    302 |    302 |      0 |      0 |    144 |   1 |  302.0 |
               +--------+--------+--------+--------+--------+-----+--------+

Top non-repeatable levels by time:
     D:4: 994 daAuts
     D:3: 966 daAuts
     D:6: 798 daAuts
     D:2: 654 daAuts
     D:5: 543 daAuts
     D:1: 466 daAuts
   Sewer: 302 daAuts
     D:7: 132 daAuts
